 Dungeon Crawl Stone Soup version 0.30.0-19-g36f170ea60 (webtiles) character file.

Game seed: 9949360610894460556

3171 jasper the Cudgeller (level 9, 0/75 HPs)
             Began as a Demonspawn Necromancer on May 26, 2023.
             Was a High Priest of Jiyva.
             Slain by a killer bee (4 damage)
             ... on level 8 of the Dungeon.
             The game lasted 00:12:12 (5441 turns).

jasper the Cudgeller (Demonspawn Necromancer)       Turns: 5441, Time: 00:12:12

Health: 0/75       AC: 14    Str:  8    XL:     9   Next: 63%
Magic:  15/15      EV: 14    Int: 24    God:    Jiyva [*****.]
Gold:   378        SH:  0    Dex: 13    Spells: 7/16 levels left

rFire   + . .        b - +1 dire flail (drain)
rCold   . . .        (shield currently unavailable)
rNeg    . . .        C - +0 acid dragon scales
rPois   +            (helmet restricted)
rElec   .            s - +0 cloak
rCorr   +            y - +0 pair of gloves
SInv    .            z - +1 pair of boots of Vehumet's Grace {rF+ rCorr Int+2}
Will    .....        (no amulet)
Stlth   +            (no ring)
HPRegen 1.76/turn    (no ring)
MPRegen 0.59/turn

%: no passive effects
@: animating dead
A: antennae 1, slimy green scales 1, foul stench 1, powered by death 1, poison
resistance, robust 1, gelatinous body 2, jelly sensing items, engulf
a: Renounce Religion, Oozemancy, Slimify


You were on level 8 of the Dungeon.
You worshipped Jiyva.
Jiyva was extremely pleased with you.
You visited 1 branch of the dungeon, and saw 8 of its levels.

You collected 378 gold pieces.

Inventory:

Hand Weapons
 b - a +1 dire flail of draining (weapon)
 e - a +0 rapier
 f - a +0 club
 g - a +1 short sword
 l - a +0 spear
 w - a +0 whip of freezing
 E - a +2 dire flail
Armour
 a - a +1 robe
 h - an orb of wrath
 n - a +0 leather armour
 q - a +2 scale mail of fire resistance
 s - a +0 cloak (worn)
 y - a +0 pair of gloves (worn)
 z - the +1 pair of boots of Vehumet's Grace (worn) {rF+ rCorr Int+2}
   (You found it on level 5 of the Dungeon)

   Int:       It affects your intelligence (+2).
   rF:        It protects you from fire.
   rCorr:     It protects you from acid and corrosion.
 A - a +0 ring mail of fire resistance
 C - +0 acid dragon scales (worn)
Jewellery
 k - a ring of ice
 r - a ring of ice
Wands
 i - a wand of digging (3)
 u - a wand of polymorph (7)
 v - a wand of flame (12)
Scrolls
 d - 3 scrolls of vulnerability
 p - a scroll of enchant armour
 t - a scroll of fog
 D - a scroll of identify
Potions
 c - 2 potions of might
 j - a potion of resistance
 m - 2 potions of heal wounds {unknown}
 o - 2 potions of haste {unknown}
 x - a potion of degeneration {unknown}
 B - a potion of mutation {unknown}


   Skills:
 + Level 5.7 Fighting
 * Level 7.6 Maces & Flails
 + Level 1.2 Armour
 - Level 5.4 Dodging
 - Level 1.7 Stealth
 - Level 4.2 Spellcasting
 - Level 7.0 Necromancy


You had 7 spell levels left.
You knew the following spells:

 Your Spells              Type           Power      Damage    Failure   Level
a - Necrotise             Necr           100%       1d9       1%          1
b - Kiss of Death         Conj/Necr      88%        2d12      3%          1
c - Vampiric Draining     Necr           39%        2d8       2%          3
d - Animate Dead          Necr           39%        N/A       9%          4

Your spell library contained the following spells:

 Spells                   Type           Power      Damage    Failure   Level
 Dispel Undead            Necr           39%        3d16      9%          4
 Beastly Appendage        Tmut           10%        N/A       17%         1
 Wereblood                Tmut           5%         N/A       26%         2
 Agony                    Necr           39%        N/A       26%         5
 Confusing Touch          Hex            5%         N/A       45%         3
 Frozen Ramparts          Ice            10%        1d2       45%         3
 Spider Form              Tmut/Pois      5%         N/A       45%         3
 Ice Form                 Ice/Tmut       5%         N/A       86%         4
 Summon Ice Beast         Ice/Summ       5%         N/A       86%         4


Dungeon Overview and Level Annotations

Branches:
Dungeon (8/15)             Temple (0/1) D:5
   Lair: D:8-11

Altars:
Ashenzari
Hepliaklqana
Kikubaaqudgha
Ru
Trog
Wu Jian
Jiyva

Annotations:
D:4 Blork the orc


Innate Abilities, Weirdness & Mutations

You have a pair of small antennae on your head.
You are partially covered in slimy green scales. (AC +2)
You may rarely emit foul miasma when damaged in melee.
You regenerate a little health from kills.
Your system is resistant to poisons. (rPois)
You are robust. (+10% HP)
Your pliable body absorbs attacks. (AC +2, EV +2)
You have a small jelly attached to you that senses nearby items.
Your melee attacks may engulf your foes in ooze.


Message History

Okay, then.
Okay, then.
Okay, then.
The killer bee stings you but does no damage.
The wight closely misses you.
The two-headed ogre hits you with a +0 giant club!
* * * LOW HITPOINT WARNING * * *
The two-headed ogre hits you but does no damage.
You take 6 damage, and have 16/75 hp.
Aiming: Dig
Press: ? - help, Shift-Dir - straight line A rock wall.
The rock shatters into small pieces.
A wight comes into view. It is wielding a +0 war axe.
The killer bee stings you but does no damage.
The killer bee barely misses you.
A wight comes into view. It is wielding a +2 spear.
Your magical contamination has completely faded away.
You regained 2 hp, and now have 18/75 hp.
Okay, then.
Unknown command.
Aiming: Dig
Press: ? - help, Shift-Dir - straight line A rock wall.
The rock shatters into small pieces.
The killer bee misses you. The killer bee closely misses you.
The two-headed ogre closely misses you.
The two-headed ogre hits you with a +0 dire flail!!
* * * LOW HITPOINT WARNING * * *
You shudder from the blow and a jelly pops out!
You emit a cloud of foul miasma!
The wight misses you.
The killer bee stings you but does no damage.
The killer bee closely misses you.
The wight hits your azure jelly with a +2 flail of freezing!
The wight freezes your azure jelly. The killer bee barely misses you.
A sky beast comes into view.
The killer bee stings you but does no damage.
You take 16 damage, and have 2/75 hp.
MASSIVE DAMAGE!!
Okay, then.
Found a stone staircase leading down.
The killer bee stings you.
You die...

##...)........# ...
######........##
... # ####......##
.... # #.......#
.:..# #
#........####.....
#
#........y........
#
#.........O.y......
#
....##...#yyyJ.....
# ...#
#...#@z#z...## ##
.#. ##...#z#..###
<# #...#z...# .#..
#.......## ...#
#.........# ..#.
#...........# ..#
.Y....###.....#
.... ..>..# #.....
..#.


You could see a two-headed ogre, a sky beast, 5 killer bees, 3 wights and a
friendly azure jelly (summoned).

Vanquished Creatures
  Pikel (D:4)
  A manticore (D:7)
  Sigmund (D:4)
  A steam dragon (D:8)
  Edmund (D:4)
  A water moccasin (D:6)
  An acid dragon (D:8)
  An ice beast (D:6)
  An orc warrior (D:6)
  A phantom (D:6)
  2 ogres (D:6)
  A centaur (D:5)
  A scorpion (D:4)
  9 wights
  A killer bee (D:8)
  4 hounds
  An iguana (D:7)
  3 orc wizards
  Natasha (thrice) (D:4)
  7 adders
  A shadow imp (D:7)
  A white imp (D:6)
  An ufetubus (D:4)
  4 worms
  2 dart slugs (D:3)
  7 orcs
  3 bat zombies (D:5)
  3 giant cockroaches
  2 hobgoblins
  4 jackals (D:1)
  5 kobolds
  6 quokkas
  4 ball pythons
  3 bats
  2 frilled lizards (D:1)
  3 goblins
  A rat (D:3)
  A rat zombie (D:5)
95 creatures vanquished.

Vanquished Creatures (collateral kills)
  2 wights (D:7)
  A sleepcap (D:7)
  A rat (D:1)
4 creatures vanquished.

Vanquished Creatures (others)
  A scorpion (D:5)
  3 jellies (D:7)
  A sleepcap (D:5)
  A killer bee zombie (D:8)
  2 adders (D:3)
  A white imp (D:6)
  An ufetubus (D:6)
  An endoplasm (D:2)
  A goblin (D:3)
  2 hobgoblins
  A kobold (D:2)
  2 frilled lizards
17 creatures vanquished.

Grand Total: 116 creatures vanquished

Notes
Turn   | Place    | Note
-------+----------+-------------------------------------------
     0 | D:1      | jasper the Demonspawn Necromancer began the quest for the
                  | Orb.
     0 | D:1      | Reached XP level 1. HP: 13/13 MP: 3/3
   199 | D:1      | Gained mutation: You have a pair of small antennae on your
                  | head. [demonic ancestry]
   199 | D:1      | Reached XP level 2. HP: 19/19 MP: 3/5
   242 | D:1      | Reached skill level 5 in Necromancy
   324 | D:1      | Learned a level 1 spell: Kiss of Death
   518 | D:1      | Found a faded altar of an unknown god.
   533 | D:1      | Prayed at the altar of an unknown god.
   533 | D:1      | Became a worshipper of Jiyva Jagurum the Shapeless
   533 | D:1      | Reached * piety under Jiyva
  1172 | D:2      | Reached XP level 3. HP: 24/24 MP: 0/6
  1176 | D:2      | Learned a level 3 spell: Vampiric Draining
  1207 | D:2      | Reached ** piety under Jiyva
  1842 | D:3      | Found a broken altar of Ashenzari.
  1850 | D:3      | Gained mutation: You are partially covered in slimy green
                  | scales. (AC +2) [demonic ancestry]
  1850 | D:3      | Reached XP level 4. HP: 30/30 MP: 3/7
  1903 | D:3      | Found a hazy altar of Hepliaklqana.
  1958 | D:3      | Reached *** piety under Jiyva
  2145 | D:3      | Gained mutation: You have a small jelly attached to you
                  | that senses nearby items. [Jiyva's grace]
  2145 | D:3      | Gained mutation: You are robust. (+10% HP) [Jiyva's grace]
  2145 | D:3      | Gained mutation: You are very robust. (+20% HP) [Jiyva's
                  | grace]
  2145 | D:3      | Gained mutation: You are extremely robust. (+30% HP)
                  | [Jiyva's grace]
  2258 | D:3      | Found an ornate altar of the Wu Jian Council.
  2330 | D:4      | Noticed a scorpion
  2340 | D:4      | Killed a scorpion
  2341 | D:4      | Gained mutation: You regenerate a little health from kills.
                  | [demonic ancestry]
  2341 | D:4      | Reached XP level 5. HP: 33/45 MP: 3/8
  2373 | D:4      | Noticed Natasha
  2384 | D:4      | Killed Natasha
  2440 | D:4      | Noticed Natasha
  2444 | D:4      | Noticed Edmund
  2462 | D:4      | Killed Natasha
  2467 | D:4      | Killed Edmund
  2468 | D:4      | Reached XP level 6. HP: 37/53 MP: 8/12
  2485 | D:4      | Learned a level 4 spell: Animate Dead
  2533 | D:4      | Noticed Sigmund
  2548 | D:4      | Killed Sigmund
  2549 | D:4      | Reached skill level 1 in Fighting
  2549 | D:4      | Reached skill level 1 in Maces & Flails
  2591 | D:4      | Noticed Natasha
  2599 | D:4      | Killed Natasha
  2600 | D:4      | Reached XP level 7. HP: 62/62 MP: 13/13
  2678 | D:4      | Noticed Pikel
  2708 | D:4      | Killed Pikel
  2709 | D:4      | Gained mutation: You may rarely emit foul miasma when
                  | damaged in melee. [demonic ancestry]
  2709 | D:4      | Reached XP level 8. HP: 55/75 MP: 6/14
  2773 | D:4      | Found a bloodstained altar of Trog.
  2774 | D:4      | Noticed Blork the orc
  2776 | D:4      | Blork the orc changed into Blork the queen bee
  2776 | D:4      | Noticed Blork
  2824 | D:5      | Entered Level 5 of the Dungeon
  2870 | D:5      | Found a staircase to the Ecumenical Temple.
  2910 | D:5      | Found a sacrificial altar of Ru.
  3076 | D:5      | Reached **** piety under Jiyva
  3207 | D:5      | Found an ancient bone altar of Kikubaaqudgha.
  3211 | D:5      | Identified the +1 pair of boots of Vehumet's Grace {rF+
                  | rCorr Int+2}
  3464 | D:6      | Reached skill level 5 in Maces & Flails
  4016 | D:6      | Reached ***** piety under Jiyva
  4496 | D:7      | Lost mutation: You are extremely robust. (+30% HP) [Jiyva's
                  | grace]
  4496 | D:7      | Lost mutation: You are very robust. (+20% HP) [Jiyva's
                  | grace]
  4496 | D:7      | Gained mutation: Your melee attacks may engulf your foes in
                  | ooze. [Jiyva's grace]
  4496 | D:7      | Gained mutation: Your system is resistant to poisons.
                  | (rPois) [Jiyva's grace]
  4496 | D:7      | Gained mutation: Your rubbery body absorbs attacks. (AC +1,
                  | EV +1) [Jiyva's grace]
  4496 | D:7      | Gained mutation: Your pliable body absorbs attacks. (AC +2,
                  | EV +2) [Jiyva's grace]
  4576 | D:7      | Reached XP level 9. HP: 70/72 MP: 15/15
  4803 | D:7      | Noticed a manticore
  4811 | D:7      | Killed a manticore
  4812 | D:7      | Reached skill level 5 in Fighting
  4812 | D:7      | Reached skill level 5 in Dodging
  5427 | D:8      | Noticed a two-headed ogre
  5438 | D:8      | Reached skill level 1 in Armour
  5440 | D:8      | HP: 2/75 [two-headed ogre/+0 giant club (18)]
  5441 | D:8      | Slain by a killer bee

Illustrated notes

Levels and vault maps discovered:
D:1:      sevenhm_arrival_forest_fort_large_4, layout_loops_ring,
          dreamdust_ecumenical_altar_hidden_monk_grotto
D:2:      layout_loops_cross
D:3:      layout_rooms, general_overflow_altar, mainiacjoe_overflow_brackets,
          nicolae_overflow_crystal_walls
D:4:      layout_rooms, lemuel_tele_altar, uniq_edmund, uniq_pikel,
          uniq_natasha, uniq_sigmund, uniq_blork_the_orc
D:5:      layout_rooms, nicolae_ru_great_annihilating_truth,
          lemuel_zombie_altar_kikubaaqudgha, minmay_temple_entry_glass
D:6:      layout_basic
D:7:      layout_loops_ring
D:8:      layout_layer_cave, amethyst_overflow_temple_binary, minmay_manual_mess

Skill      XL: |  1  2  3  4  5  6  7  8  9 |
---------------+----------------------------+-----
Necromancy     | 5 6 7 |  7.0
Spellcasting   | 4 |  4.2
Fighting       | 1 3 4 5 |  5.7
Maces & Flails | 2 4 6 7 |  7.6
Dodging        | 2 3 4 5 |  5.4
Armour         | 1 |  1.2
Stealth        | |  1.7

Action                     |  1- 3 |  4- 6 |  7- 9 || total
---------------------------+-------+-------+-------++-------
  Melee: Unarmed           |     9 |     5 |       ||    14
         Short sword       |     2 |       |       ||     2
         Rapier            |     2 |    34 |       ||    36
         Dire flail        |       |    23 |   267 ||   290
   Cast: Necrotise         |    78 |    12 |     2 ||    92
         Vampiric Draining |       |     7 |    14 ||    21
         Animate Dead      |       |       |     2 ||     2
 Invoke: Oozemancy         |       |     1 |       ||     1
  Evoke: Wand              |       |       |     9 ||     9
    Use: Scroll            |     6 |       |     4 ||    10
         Potion            |       |     1 |       ||     1
   Stab: Sleeping          |       |       |     7 ||     7
 Armour: Robe              |    11 |    15 |    70 ||    96
         Acid dragon scale |       |       |    31 ||    31
  Dodge: Dodged            |    20 |    63 |   233 ||   316
